 Dungeon Crawl Stone Soup version 0.24-a0-789-g35933f4585 (webtiles) character file.

Game seed: 1690391139504920661, levelgen mode: deterministic

9494 Kohma the Severer (level 11, -1/79 HPs)
             Began as a Formicid Fighter on Oct 10, 2019.
             Was a Believer of Ashenzari.
             Slain by a vampire
             ... wielding a +0 trident
              (9 damage)
             ... on level 11 of the Dungeon.
             The game lasted 00:36:59 (15240 turns).

Kohma the Severer (Formicid Fighter)               Turns: 15240, Time: 00:37:00

Health: -1/79      AC: 13    Str: 24    XL:     11   Next: 75%
Magic:  11/11      EV: 11    Int:  8    God:    Ashenzari [**....]
Gold:   883        SH: 10    Dex: 10    Spells: 10/10 levels left

rFire    . . .     SeeInvis +   K - +0 battleaxe (curse)
rCold    + . .     Gourm    .   c - +0 shield
rNeg     . . .     Faith    .   d - +0 chain mail {rPois} (curse)
rPois    +         Spirit   .   (helmet unavailable)
rElec    +         Reflect  .   e - +0 cloak
rCorr    .         Harm     .   u - +0 pair of gloves
MR       ++...                  m - +1 pair of boots
Stlth    ..........             G - amulet of the Air {Inacc +Fly rElec EV+5 RMsl} (curse)
HPRegen  0.23/turn              x - ring of protection from magic (curse)
MPRegen  0.12/turn              y - ring of protection from cold

@: repel missiles
A: permanent stasis, dig shafts and tunnels, four strong arms, antennae 3
a: Dig, Shaft Self, Curse Item, Scrying, Renounce Religion, Evoke Flight


You were on level 11 of the Dungeon.
You worshipped Ashenzari.
Ashenzari was pleased with you.
You were not hungry.

You visited 2 branches of the dungeon, and saw 12 of its levels.
You also visited: Sewer.

You collected 883 gold pieces.

Inventory:

Hand Weapons
 a - a +1 war axe
 z - a cursed +5 vampiric great sword
 E - a +1 long sword of flaming
 K - a cursed +0 battleaxe (weapon)
Missiles
 g - 48 poisoned darts
 F - 2 curare-tipped darts (quivered)
Armour
 c - a +0 shield (worn)
 d - a cursed +0 chain mail of poison resistance (worn)
 e - a +0 cloak (worn)
 m - a +1 pair of boots (worn)
 u - a +0 pair of gloves (worn)
Jewellery
 x - a cursed ring of protection from magic (left hand)
 y - a ring of protection from cold (right hand)
 G - the cursed amulet of the Air (around neck) {Inacc +Fly rElec EV+5 RMsl}
   (You found it on level 8 of the Dungeon)

   [amulet of inaccuracy]

   It reduces the accuracy of all your attacks.
   It affects your evasion (+5).
   It insulates you from electricity.
   It lets you fly.
   It protects you from missiles.
   It has a curse placed upon it.
Wands
 h - a wand of polymorph (13)
 s - a wand of digging (6)
 w - a wand of flame (51)
 J - a wand of iceblast (6)
Scrolls
 b - a scroll of magic mapping
 k - 2 scrolls of enchant weapon
 o - a scroll of summoning {unknown}
 q - 3 scrolls of remove curse
 A - a scroll of vulnerability
 H - 2 scrolls of fog
 I - a scroll of holy word {unknown}
Potions
 i - 2 potions of lignification
 n - a potion of curing
 p - a potion of agility {unknown}
 r - 2 potions of invisibility
 t - 3 potions of resistance
 v - 2 potions of brilliance
 B - 2 potions of mutation
 C - a potion of flight
Miscellaneous
 j - a fan of gales
Comestibles
 f - 23 rations


   Skills:
 + Level 5.0 Fighting
 * Level 16.0(17.9) Axes
 - Level 3.2 Armour
 + Level 5.4 Shields


You had 10 spell levels left.
You didn't know any spells.
Your spell library contained the following spells:

 Spells                   Type           Power        Failure   Level  Hunger
 Sting                    Conj/Pois      #...         100%        1    ##.....
 Poisonous Vapours        Pois/Air       #.....       100%        2    ###....
 Mephitic Cloud           Conj/Pois/Air  #.......     100%        3    ####...
 Olgreb's Toxic Radiance  Pois           #.......     100%        4    #####..
 Venom Bolt               Conj/Pois      #.........   100%        5    ######.


Dungeon Overview and Level Annotations

Branches:
Dungeon (11/15)            Temple (1/1) D:4            Lair (0/6) D:10
    Orc (0/2) D:11          Sewer (visited)

Altars:
Ashenzari
Elyvilon
Hepliaklqana
Kikubaaqudgha
Makhleb
Nemelex Xobeh
Okawaru
Trog
Uskayaw
Wu Jian
Xom
Zin

Shops:
D:9 }

Annotations:
D:6 1 runed translucent door
D:9 1 runed translucent door, Kohma's ghost, novice DrFE


Innate Abilities, Weirdness & Mutations

You cannot be hasted, slowed, berserked, paralysed or teleported.
You can dig through walls and to a lower floor.
Your four strong arms can wield two-handed weapons with a shield.
You have a pair of large antennae on your head. (SInv)


Message History

* * * LOW HITPOINT WARNING * * *
The vampire closely misses you.
Okay, then.
You miss the vampire.
The vampire is lightly damaged.
You block the vampire's attack. The vampire completely misses you.
You slash the vampire!
The vampire is heavily damaged.
The vampire misses you. The vampire barely misses you.
You miss the vampire.
The vampire is heavily damaged.
You miss the vampire.
The vampire is heavily damaged.
The vampire hits you with a +0 trident!
* * * LOW HITPOINT WARNING * * *
You block the vampire's attack.
You hit the vampire.
The vampire is heavily damaged.
The yak seems to regain its courage.
The vampire hits you with a +0 trident!
You die...

* * * * ** * * *
, * ####### ***
#.....# # * , *
#.###.# #
..##.######.###.#
# * ,
..Y....5V@......#
# ,
..Y....####.##..#
# ..#...# #.##..#
# * {##.#*
#.##..# # ,, *#.
#.....# # *, , *
#, ####.## #
#.##### # * ,
#####.....# # * *
, ,* #.....###.#
#


You could see 2 yaks, a vampire and a crimson imp.

Vanquished Creatures
  A hydra (D:10)
  A two-headed ogre (D:8)
  A gargoyle (D:10)
  Grinder (D:6)
  A troll (D:10)
  A hippogriff (D:8)
  2 dream sheep (D:10)
  Sigmund (D:6)
  2 wyverns
  3 yaks
  Grum (D:8)
  2 steam dragons (D:10)
  Edmund (D:6)
  4 ice beasts
  4 orc warriors
  4 black bears
  2 phantoms (D:4)
  5 ogres
  2 wolves (D:8)
  A centaur (D:8)
  A crocodile (Sewer)
  5 big kobolds
  Blork the orc (D:6)
  5 bullfrogs
  A gnoll sergeant (D:9)
  A scorpion (D:10)
  2 wyvern skeletons (D:9)
  5 wights (D:6)
  7 howler monkeys
  A bullfrog zombie (D:9)
  5 crimson imps
  A quasit (D:7)
  3 bullfrog skeletons
  A jelly (D:7)
  10 orc priests
  4 hounds
  2 centaur skeletons
  Ijyb (D:3)
  Natasha (thrice) (D:2)
  14 orc wizards
  6 worker ants
  A hound skeleton (D:6)
  3 hound zombies
  2 worker ant zombies
  15 adders
  7 gnolls
  2 shadow imps
  2 adder skeletons
  An adder zombie (D:5)
  6 worms
  5 dart slugs
  11 leopard geckos
  49 orcs
  3 ball pythons
  4 giant cockroaches
  8 goblins
  8 hobgoblins
  20 jackals
  14 kobolds
  6 quokkas
  6 bats
  4 frilled lizards
  2 leopard gecko skeletons
  A leopard gecko zombie (D:6)
  A quokka skeleton (D:10)
  5 rats
305 creatures vanquished.

Notes
Turn   | Place    | Note
-------+----------+-------------------------------------------
     0 | D:1      | Kohma the Formicid Fighter began the quest for the Orb.
     0 | D:1      | Reached XP level 1. HP: 18/18 MP: 1/1
    27 | D:1      | Reached XP level 2. HP: 24/24 MP: 2/2
   225 | D:1      | Reached skill level 3 in Axes
   386 | D:1      | Reached XP level 3. HP: 24/29 MP: 3/3
  1244 | D:2      | Reached skill level 4 in Axes
  1244 | D:2      | Reached XP level 4. HP: 30/35 MP: 4/4
  1480 | D:2      | Noticed Natasha
  1504 | D:2      | Killed Natasha
  1673 | D:2      | Noticed Natasha
  1683 | D:2      | Killed Natasha
  1683 | D:2      | Reached skill level 5 in Axes
  1683 | D:2      | Reached XP level 5. HP: 36/41 MP: 5/5
  1850 | D:2      | Noticed Natasha
  1859 | D:2      | Killed Natasha
  2253 | D:3      | Noticed Ijyb
  2269 | D:3      | Killed Ijyb
  2269 | D:3      | Reached XP level 6. HP: 29/47 MP: 6/6
  2272 | D:3      | Reached skill level 6 in Axes
  2795 | D:3      | You fall into a shaft and drop 1 floor!
  2806 | D:4      | Noticed an ogre
  2829 | D:4      | Killed an ogre
  3041 | D:3      | Found a faded altar of an unknown god.
  3184 | D:3      | Reached XP level 7. HP: 52/52 MP: 7/7
  3667 | D:4      | Reached skill level 7 in Axes
  3703 | D:3      | HP: 2/52 [hound (3)]
  5219 | D:4      | Reached skill level 8 in Axes
  5448 | D:4      | Found a hazy altar of Hepliaklqana.
  5549 | D:4      | Found a staircase to the Ecumenical Temple.
  5583 | Temple   | Entered the Ecumenical Temple
  5589 | Temple   | Became a worshipper of Ashenzari the Shackled
  5780 | D:4      | Reached XP level 8. HP: 50/58 MP: 8/8
  6016 | D:4      | Found a hazy altar of Hepliaklqana.
  6087 | D:4      | Reached skill level 9 in Axes
  6213 | D:4      | Found a staircase to the Ecumenical Temple.
  6494 | D:5      | Entered Level 5 of the Dungeon
  7393 | D:6      | Reached skill level 10 in Axes
  7465 | D:6      | Reached XP level 9. HP: 64/64 MP: 9/9
  7478 | D:6      | Noticed Edmund
  7493 | D:6      | Killed Edmund
  7551 | D:6      | Reached * piety under Ashenzari
  7560 | D:6      | Noticed Sigmund
  7565 | D:6      | Reached skill level 11 in Axes
  7581 | D:6      | Killed Sigmund
  7604 | D:6      | Noticed an angel
  7607 | D:6      | Found a glowing silver altar of Zin.
  7608 | D:6      | Found a runed translucent door.
  7839 | D:6      | Noticed Grinder
  7850 | D:6      | Killed Grinder
  7850 | D:6      | Reached skill level 12 in Axes
  7869 | D:6      | Noticed Blork the orc
  7884 | D:6      | Killed Blork the orc
  7979 | D:6      | Found a glowing drain.
  8002 | Sewer    | Entered a sewer
  8679 | D:7      | Reached XP level 10. HP: 70/70 MP: 10/10
  9044 | D:7      | Reached skill level 13 in Axes
  9066 | D:7      | Found a glowing silver altar of Zin.
  9067 | D:7      | Found a white marble altar of Elyvilon.
  9069 | D:7      | Found an ornate altar of the Wu Jian Council.
  9078 | D:7      | Found an iron altar of Okawaru.
  9938 | D:8      | Found the amulet of the Air {Inacc +Fly rElec EV+5 RMsl}
 10087 | D:8      | Reached skill level 14 in Axes
 10745 | D:8      | Noticed Grum
 10758 | D:8      | Killed Grum
 10988 | D:9      | Found a bloodstained altar of Trog.
 11060 | D:9      | Noticed a two-headed ogre
 11209 | D:8      | Killed a two-headed ogre
 11209 | D:8      | Reached XP level 11. HP: 29/75 MP: 11/11
 11726 | D:9      | Reached skill level 15 in Axes
 11941 | D:9      | Found Moatti's Gadget Shop.
 11972 | D:9      | Reached ** piety under Ashenzari
 12573 | D:9      | Found a runed translucent door.
 12573 | D:9      | Found a shimmering altar of Xom.
 12573 | D:9      | Noticed Kohma's ghost (novice DrFE)
 12573 | D:9      | Noticed a +1 scimitar of chaos
 12592 | D:10     | Entered Level 10 of the Dungeon
 12748 | D:10     | Found a staircase to the Lair.
 14317 | D:10     | Noticed a three-headed hydra
 14352 | D:10     | Killed a five-headed hydra
 14352 | D:10     | Reached skill level 5 in Shields
 14859 | D:11     | Reached skill level 16 in Axes
 15085 | D:11     | Found a staircase to the Orcish Mines.
 15223 | D:11     | Reached skill level 5 in Fighting
 15240 | D:11     | Slain by a vampire

Levels and vault maps discovered:
D:1:      minmay_arrival_glassed_features, layout_basic, minmay_crystal_water
D:2:      layout_basic, uniq_natasha
D:3:      layout_basic, chequers_ecumenical_altar_twisty, uniq_ijyb
D:4:      layout_basic, lemuel_crystal_altar, minmay_temple_entry_water_ring
D:5:      layout_basic, first_ration, grunt_decor_mini_mirrors
D:6:      layout_loops_cross, gup_sewer_entry_pipe, lemuel_angel_altar,
          uniq_blork_the_orc, uniq_sigmund, uniq_edmund, uniq_grinder
D:7:      layout_loops_corners, nicolae_overflow_quartered_altars,
          columned_hall_lemuel
D:8:      layout_basic, uniq_grum
D:9:      layout_basic, trog_ov_bears_minmay, serial_shops, shop,
          ebering_ghost_xom
D:10:     layout_basic, dpeg_oklobed_lair, hangedman_ranch
          [blue_anna_fruit_fields], kennysheep_generic_room_11
D:11:     layout_loops_corners, hiddenorc1_lemuel
Temple:   eino_temple_rhombus

Skill      XL: |  1  2  3  4  5  6  7  8  9 10 11 |
---------------+----------------------------------+-----
Axes           | 3 4 5 6 8 10 12 14 16 | 16.0
Shields        | 5 |  5.4
Fighting       | 5 |  5.0
Armour         | |  3.2

Action                   |  1- 3 |  4- 6 |  7- 9 | 10-12 || total
-------------------------+-------+-------+-------+-------++-------
Melee: War axe           |    88 |   152 |   403 |   431 ||  1074
       Hand axe          |       |       |    68 |       ||    68
       Battleaxe         |       |       |       |   226 ||   226
Throw: Dart              |       |    24 |    10 |     8 ||    42
Invok: Curse Item        |       |       |     1 |     3 ||     4
 Abil: Dig               |     1 |       |       |       ||     1
Evoke: Wand              |       |       |       |     2 ||     2
  Use: Scroll            |       |       |    16 |     5 ||    21
       Potion            |       |       |     4 |     4 ||     8
 Stab: Invisible         |       |       |       |     1 ||     1
  Eat: Chunk             |     1 |     6 |     9 |    18 ||    34
       Ration            |       |       |     3 |     1 ||     4
Armor: Scale mail        |    53 |    73 |   157 |    49 ||   332
       Chain mail        |       |       |       |   160 ||   160
Dodge: Dodged            |    36 |    62 |   131 |   228 ||   457
       Deflected         |       |       |       |     1 ||     1
Block: Shield            |    61 |   105 |   180 |   273 ||   619

Table legend:
 A = Non-vault XP
 B = Vault XP
 C = Vault XP percentage of total XP
 D = Non-vault monster count
 E = Vault monster count
 F = Vault count percentage of total count
                 A         B        C        D         E       F
            +---------+---------+-------+---------+---------+-------
      Total |    9273 |    4291 |  31.6 |     254 |      51 |  16.7
            +---------+---------+-------+---------+---------+-------
        D:1 |      46 |       0 |   0.0 |      24 |       0 |   0.0
        D:2 |     146 |      35 |  19.3 |      31 |       1 |   3.1
        D:3 |     168 |      36 |  17.6 |      22 |       1 |   4.3
        D:4 |     773 |       0 |   0.0 |      28 |       0 |   0.0
        D:5 |     221 |       0 |   0.0 |      12 |       0 |   0.0
        D:6 |    1247 |     786 |  38.7 |      31 |      11 |  26.2
        D:7 |    1268 |       0 |   0.0 |      31 |       0 |   0.0
        D:8 |    1928 |     422 |  18.0 |      26 |       3 |  10.3
        D:9 |    1325 |     245 |  15.6 |      28 |       2 |   6.7
       D:10 |    1578 |    2404 |  60.4 |      19 |      10 |  34.5
       D:11 |     573 |     253 |  30.6 |       2 |      17 |  89.5
      Sewer |       0 |     110 | 100.0 |       0 |       6 | 100.0
            +---------+---------+-------+---------+---------+-------
